 Dungeon Crawl Stone Soup version 0.29-a0-338-g1ff7896281 (webtiles) character file.

Game seed: 4961782734065267224

71 sammy202020 the Skirmisher (level 4, 1/45 HPs)
             Began as a Troll Fighter on Apr 19, 2022.
             Quit the game on level 2 of the Dungeon.
             The game lasted 00:01:33 (797 turns).

sammy202020 the Skirmisher (Troll Fighter)           Turns: 797, Time: 00:01:33

Health: 1/45       AC:  4    Str: 24    XL:     4   Next: 5%
Magic:  3/3        EV:  8    Int:  6    God:
Gold:   41         SH:  7    Dex:  9    Spells: 3/3 levels left

rFire   . . .      SeeInvis .     - Unarmed
rCold   . . .      Faith    .   b - +0 kite shield
rNeg    . . .      Spirit   .   a - +0 robe
rPois   .          Reflect  .   (helmet restricted)
rElec   .          Harm     .   (no cloak)
rCorr   .          Rampage  .   (gloves unavailable)
Will    .....                   (boots unavailable)
Stlth   +.........              (no amulet)
HPRegen 0.95/turn               (no ring)
MPRegen 0.08/turn               (no ring)

@: no status effects
A: large, unfitting armour, claws 3, regeneration 1, shaggy fur 1, tough skin 1
a: no special abilities


You were on level 2 of the Dungeon.
You visited 1 branch of the dungeon, and saw 2 of its levels.

You collected 41 gold pieces.

Inventory:

Hand Weapons
 g - a +0 flail
Armour
 a - a +0 robe (worn)
 b - a +0 kite shield (worn)
Jewellery
 h - a ring of fire
Scrolls
 d - a scroll of magic mapping {unknown}
 i - a scroll of amnesia {unknown}
 j - a scroll of identify {unknown}
Potions
 c - a potion of might
 e - a potion of curing
 f - a potion of resistance {unknown}


   Skills:
 * Level 3.1 Fighting
 + Level 2.7 Dodging
 + Level 2.7 Shields
 * Level 2.9 Unarmed Combat


You had 3 spell levels left.
You didn't know any spells.
Your spell library contained the following spells:

 Spells                   Type           Power      Damage    Failure   Level
 Beastly Appendage        Tmut           0%         N/A       77%         1
 Wereblood                Tmut           0%         N/A       88%         2
 Gell's Gravitas          Tloc           0%         N/A       98%         3
 Spider Form              Tmut/Pois      0%         N/A       98%         3
 Teleport Other           Tloc           0%         N/A       98%         3
 Dispersal                Tloc           0%         N/A       100%        6


Dungeon Overview and Level Annotations

Branches:
Dungeon (2/15)

Altars:


Innate Abilities, Weirdness & Mutations

You are too large for most types of armour.
You have claws for hands.
Your natural rate of healing is unusually fast.
You are covered in fur. (AC +1)
You have tough skin. (AC +1)


Message History

* * * LOW HITPOINT WARNING * * *
You block the adder's attack.
You claw the adder!
The adder is almost dead.
The adder bites you but does no damage. x2
The gnoll hits you from afar with a +0 spear.
* * * LOW HITPOINT WARNING * * *
The rat bites you.
* * * LOW HITPOINT WARNING * * *
The adder bites you but does no damage.
You feel better. The adder bites you. You block the gnoll's attack.
The rat completely misses you. The adder misses you.
The adder bites you but does no damage.
You scratch the adder.
You kill the adder!
The rat barely misses you.
The gnoll hits you from afar with a +0 spear.
* * * LOW HITPOINT WARNING * * *
You have reached level 4!
You miss the adder.
The adder is severely wounded.
The adder bites you.
* * * LOW HITPOINT WARNING * * *
The adder barely misses you. You block the gnoll's attack. The rat misses you.
The adder bites you.
* * * LOW HITPOINT WARNING * * *
You barely miss the adder.
The adder is severely wounded.
You block the adder's attack. You block the gnoll's attack. The rat bites you.
* * * LOW HITPOINT WARNING * * *
The adder bites you but does no damage. You block the adder's attack.
The rat bites you but does no damage.
The gnoll hits you from afar with a +0 spear!
* * * LOW HITPOINT WARNING * * *
Okay, then.
Unknown command.
Unknown command.
Unknown command.
Okay, then.
Are you sure you want to abandon this character and quit the game? (Confirm with "yes".)

## .# .. .## ... ..####
##.. .....#
#########.....
...#.######..>......#...
...#.....##.............
...#####............#
.............##.@##.#.##
...##.....#.†##rSS......
......######.....g......
...### ###..........
..... #.......... ##...
............ ####.#
##..#........ .....#
#.##........ ####.# #.
#........


You could see a gnoll, 2 adders and a rat.

Vanquished Creatures
  3 gnolls (D:2)
  An adder (D:2)
  A dart slug (D:1)
  3 endoplasms
  2 giant cockroaches
  2 goblins
  3 hobgoblins
  4 jackals (D:1)
  A quokka (D:1)
  3 ball pythons
  A bat (D:1)
  A frilled lizard (D:1)
  3 kobolds
  4 rats
32 creatures vanquished.

Notes
Turn   | Place    | Note
-------+----------+-------------------------------------------
     0 | D:1      | sammy202020 the Troll Fighter began the quest for the Orb.
     0 | D:1      | Reached XP level 1. HP: 22/22 MP: 0/0
   129 | D:1      | Reached XP level 2. HP: 29/29 MP: 1/1
   377 | D:1      | Found a faded altar of an unknown god.
   687 | D:2      | Reached XP level 3. HP: 35/36 MP: 2/2
   778 | D:2      | Reached skill level 3 in Fighting
   795 | D:2      | Reached XP level 4. HP: 11/45 MP: 3/3
   796 | D:2      | HP: 1/45 [gnoll/+0 spear (7)]
   797 | D:2      | Quit the game

Illustrated notes

Levels and vault maps discovered:
D:1:      sevenhm_arrival_forest_fort_small_3, layout_basic,
          hellmonk_ecumenical_altar_blasted, serial_bayou_pond_d,
          hangedman_decor_push
D:2:      layout_rooms, serial_shops, nicolae_shop_behind_doors,
          uniq_crazy_yiuf_cottage

Skill      XL: |  1  2  3 |
---------------+----------+-----
Fighting       | 3 |  3.1
Dodging        | |  2.7
Shields        | |  2.7
Unarmed Combat | |  2.9

Action                   |  1- 3 |  4- 6 || total
-------------------------+-------+-------++-------
Melee: Unarmed           |    92 |     2 ||    94
  Use: Potion            |     2 |       ||     2
Armor: Robe              |    50 |     2 ||    52
Dodge: Dodged            |    49 |     2 ||    51
Block: Kite shield       |    48 |     4 ||    52

Table legend: (Time is in decaauts)
 A = Elapsed time spent in this place.
 B = Non-inter-level travel time spent in this place.
 C = Inter-level travel time spent in this place.
 D = Time resting spent in this place.
 E = Time spent auto-exploring this place.
 F = Levels seen in this place.
 G = Mean time per level.
                   A        B        C        D        E       F      G
               +--------+--------+--------+--------+--------+-----+--------+
         Total |    807 |    807 |      0 |      0 |    576 |   2 |  403.5 |
       Dungeon |    807 |    807 |      0 |      0 |    576 |   2 |  403.5 |
               +--------+--------+--------+--------+--------+-----+--------+

Top non-repeatable levels by time:
     D:1: 673 daAuts
     D:2: 134 daAuts
